 Dungeon Crawl Stone Soup version 0.28-a0-1404-g4df0f3684d (webtiles) character file.

Game seed: 17163995113427453012

7 eustatius the Conjurer (level 1, -2/14 HPs)
             Began as a Demigod Wanderer on Jan 6, 2022.
             Slain by a quokka (5 damage)
             ... on level 1 of the Dungeon.
             The game lasted 00:02:42 (525 turns).

eustatius the Conjurer (Demigod Wanderer)            Turns: 525, Time: 00:02:42

Health: -2/14      AC:  2    Str: 12    XL:     1   Next: 66%
Magic:  4/4        EV: 11    Int: 16    God:
Gold:   0          SH:  6    Dex: 12    Spells: 2/2 levels left

rFire   . . .      SeeInvis .   a - +0 dagger
rCold   . . .      Faith    .   c - +2 buckler
rNeg    . . .      Spirit   .   d - +0 robe
rPois   .          Reflect  .   (no helmet)
rElec   .          Harm     .   (no cloak)
rCorr   .          Rampage  .   (no gloves)
Will    .....                   (no boots)
Stlth   +.........              (no amulet)
HPRegen 0.04/turn               (no ring)
MPRegen 0.09/turn               (no ring)

@: no status effects
A: high mp 1, forlorn, divine attributes
a: no special abilities


You were on level 1 of the Dungeon.
You visited 1 branch of the dungeon, and saw 1 of its levels.

Inventory:

Hand Weapons
 a - a +0 dagger (weapon)
Missiles
 b - 8 poisoned darts (quivered)
Armour
 c - a +2 buckler (worn)
 d - a +0 robe (worn)
Potions
 e - a potion of lignification {unknown}


   Skills:
 + Level 1.7 Throwing
 + Level 1.1 Dodging
 + Level 2.9 Shields
 + Level 1.0 Spellcasting
 + Level 2.9 Conjurations


You had 2 spell levels left.
You didn't know any spells.
Your spell library contained the following spells:

 Spells                   Type           Power      Damage    Failure   Level
 Searing Ray              Conj           20%        2d5       14%         2
 Static Discharge         Conj/Air       5%         N/A       26%         2


Dungeon Overview and Level Annotations

Branches:
Dungeon (1/15)


Innate Abilities, Weirdness & Mutations

You have an increased reservoir of magic. (+10% MP)
You shall have no god before yourself.
Your divine heritage dramatically boosts your attributes as you level up.


Message History

You hit the hobgoblin.
The hobgoblin is almost dead.
The hobgoblin hits you.
You hit the hobgoblin but do no damage.
The hobgoblin is almost dead.
The hobgoblin barely misses you.
You hit the hobgoblin but do no damage.
The hobgoblin is almost dead.
The hobgoblin closely misses you.
You completely miss the hobgoblin.
The hobgoblin is almost dead.
The hobgoblin hits you.
You hit the hobgoblin.
You kill the hobgoblin!
You see here a hobgoblin corpse.
You see here a +0 short sword.
You see here a +0 short sword.
You hit the plant.
The plant begins to die.
The plant is lightly damaged.
You hit the plant.
The plant is lightly damaged.
You hit the plant.
The plant is lightly damaged.
You hit the plant but do no damage.
The plant is lightly damaged.
A nearby plant withers and dies.
A quokka comes into view.
You hit the plant but do no damage. You hit the plant.
The plant begins to die.
The plant is lightly damaged.
You hit the plant.
The plant is lightly damaged.
You hit the plant.
The plant is lightly damaged.
The quokka bites you.
* * * LOW HITPOINT WARNING * * *
You hit the plant.
The plant is lightly damaged.
The quokka bites you.
You die...

..... #.....# .....
#######.....#
.....####....##.....##
.....................#
.............##......##
.........#.#.##.........
......r...P..♣..........
#.P@........♣# #..
#.P..♣≈♣≈.....# #.#
#...P≈♣≈≈≈≈....###.#.#
#....≈≈≈≈≈≈..♣)†...#.#
#...≈≈≈♣≈≈.P♣#.#####.#
##....≈≈♣..♣..........
.....P♣....#.######.#
............#.........
...####..........


You could see a quokka.

Vanquished Creatures
  A bat (D:1)
  3 hobgoblins (D:1)
  A ball python (D:1)
  A kobold (D:1)
6 creatures vanquished.

Vanquished Creatures (others)
  5 plants (D:1)
5 creatures vanquished.

Grand Total: 11 creatures vanquished

Notes
Turn   | Place    | Note
-------+----------+-------------------------------------------
     0 | D:1      | eustatius the Demigod Wanderer began the quest for the Orb.
     0 | D:1      | eustatius set off with the following items: a +0 dagger, 8
                  | poisoned darts, a +2 buckler, a +0 robe; and the following
                  | spells available to memorise: Searing Ray, Static Discharge
     0 | D:1      | Reached XP level 1. HP: 14/14 MP: 4/4
   525 | D:1      | Slain by a quokka

Illustrated notes

Levels and vault maps discovered:
D:1:      minmay_arrival_open_corners, layout_basic, serial_bayou,
          serial_bayou_pond_d, serial_bayou_crossing, serial_bayou_ford_a,
          serial_bayou_pond_a, serial_bayou_lake_a

Action                   || total
-------------------------++-------
Melee: Dagger            ||    54
Armor: Robe              ||    23
Dodge: Dodged            ||    45
Block: Buckler           ||    32

Table legend: (Time is in decaauts)
 A = Elapsed time spent in this place.
 B = Non-inter-level travel time spent in this place.
 C = Inter-level travel time spent in this place.
 D = Time resting spent in this place.
 E = Time spent auto-exploring this place.
 F = Levels seen in this place.
 G = Mean time per level.
                   A        B        C        D        E       F      G
               +--------+--------+--------+--------+--------+-----+--------+
         Total |    545 |    545 |      0 |    316 |     14 |   1 |  545.0 |
       Dungeon |    545 |    545 |      0 |    316 |     14 |   1 |  545.0 |
               +--------+--------+--------+--------+--------+-----+--------+

Top non-repeatable levels by time:
     D:1: 545 daAuts
